 Dungeon Crawl Stone Soup version 0.31.0-32-g396128a36d (webtiles) character file.

Game seed: 7611579184993656846

58 PaiMei the Grave Robber (level 3, -3/26 HPs)
             Began as a Demonspawn Necromancer on Apr 23, 2024.
             Slain by an orc warrior
             ... wielding a +0 mace
              (9 damage)
             ... on level 4 of the Dungeon.
             The game lasted 00:02:49 (2734 turns).

PaiMei the Grave Robber (Demonspawn Necromancer)    Turns: 2734, Time: 00:02:50

Health: -3/26      AC:  2    Str:  8    XL:     3   Next: 75%
Magic:  2/6        EV: 18    Int: 17    God:
Gold:   98         SH:  0    Dex: 19    Spells: 3/7 levels left

rFire   . . .        h - +1 spear (heavy)
rCold   . . .        (no shield)
rNeg    . . .        a - +0 robe
rPois   .            (no helmet)
rElec   .            (no cloak)
rCorr   .            (no gloves)
SInv    .            (no boots)
Will    .....        (no amulet)
Stlth   ++           f - +6 ring of dexterity
HPRegen 0.24/turn    (no ring)
MPRegen 0.10/turn

%: no passive effects
@: agile, very slightly contaminated
A: powered by pain 1
a: no special abilities


You were on level 4 of the Dungeon.
You visited 1 branch of the dungeon, and saw 4 of its levels.

You collected 98 gold pieces.

Inventory:

Hand Weapons
 h - a +1 heavy spear (weapon)
 l - a +2 vampiric whip
Armour
 a - a +0 robe (worn)
Jewellery
 c - a ring of magical power
 f - a +6 ring of dexterity (left hand)
Scrolls
 e - 5 scrolls of identify {unknown}
 g - a scroll of vulnerability {unknown}
 k - 3 scrolls of fog {unknown}
 m - a scroll of enchant weapon {unknown}
 n - a scroll of teleportation {unknown}
 q - a scroll of amnesia {unknown}
Potions
 b - a potion of magic
 d - a potion of brilliance {unknown}
 i - 3 potions of might {unknown}
 j - 2 potions of haste {unknown}
 o - a potion of ambrosia {unknown}
 p - a potion of attraction {unknown}


   Skills:
 + Level 1.2 Fighting
 + Level 2.4 Dodging
 - Level 2.0 Stealth
 + Level 2.5 Spellcasting
 + Level 4.8 Necromancy


You had 3 spell levels left.
You knew the following spells:

 Your Spells              Type           Power      Damage    Failure   Level
a - Necrotise             Necr           72%        1d7       2%          1
b - Vampiric Draining     Necr           18%        2d7       8%          3

Your spell library contained the following spells:

 Spells                   Type           Power      Damage    Failure   Level
 Ensorcelled Hibernation  Hex/Ice        4%         N/A       28%         2
 Dazzling Flash           Conj/Hex       4%         N/A       50%         3
 Mephitic Cloud           Conj/Alch/Air  2%         N/A       50%         3
 Passwall                 Erth           2%         N/A       50%         3
 Swiftness                Air            2%         N/A       50%         3
 Animate Dead             Necr           18%        N/A       26%         4
 Curse of Agony           Necr           18%        N/A       56%         5
 Silence                  Hex/Air        1%         N/A       99%         5


Dungeon Overview and Level Annotations

Branches:
Dungeon (4/15)
 Temple: D:4-7

Altars:
Cheibriados

Annotations:
D:4 Blork the orc


Innate Abilities, Weirdness & Mutations

You sometimes gain a little power by taking damage.


Message History

There is a stone staircase leading down here.
There is a stone staircase leading down here.
You climb downwards.
Level annotation: Blork the orc
There is a stone staircase leading up here.
Found a stone staircase leading down.
Found a stone staircase leading down.
You now have 98 gold pieces (gained 17).
q - a scroll labelled ISUICI XOIRI
Found 17 gold pieces.
Found a scale mail and 17 gold pieces.
An orc and an orc wizard come into view.
An orc warrior comes into view. It is wielding a +0 mace.
The orc warrior shouts!
The orc shouts!
You hear a shout!
The orc wizard points at you and mumbles some strange words.
The puff of flame misses you.
The orc wizard gestures at you while chanting.
The puff of flame hits you!
The orc warrior attacks as it pursues you!
The orc warrior hits you with a +0 mace!
You focus on the pain.
You feel agile all of a sudden.
Casting: Necrotise (safe; 2% risk of failure)
Confirm with . or Enter, or press ? or * to list all spells.
Aiming: Necrotise (safe; 2% risk of failure)
Press: ? - help, Shift-Dir - straight line, f - orc warrior
Aim: an orc warrior, wielding a +0 mace and wearing a +0 plate armour (chance to affect: 76%)
The orc warrior writhes in agony.
The orc warrior hits you with a +0 mace.
* * * LOW HITPOINT WARNING * * *
Casting: Necrotise (safe; 2% risk of failure)
Confirm with . or Enter, or press ? or * to list all spells.
Aiming: Vampiric Draining (quite dangerous; 8% risk of failure)
Press: ? - help, Shift-Dir - straight line, f/p - orc warrior
Aim: an orc warrior, wielding a +0 mace and wearing a +0 plate armour (lightly wounded)
You miscast Vampiric Draining.
You are very lightly contaminated with residual magic.
Nothing appears to happen.
The orc warrior hits you with a +0 mace!
You die...

### #.# ##...## #.. #.# .....
# #... #.# ...# # #... #.# #..
. #...######.#####.####### #
#[..........##.#....#..####+ #
#......................#....##
#.$....................#......
#........o.oo@........<#......
#......................#......
#....###.##..##############.##
#.... ##.##..####.###..####.##
#$... #.>.>................?..
#.... #.......................
#.... #......##..###.##..##.o#
#......##..###.##..##..#
#.......................


You could see an orc warrior, an orc wizard and an orc.

Vanquished Creatures
  2 adders
  A ribbon worm (D:2)
  A dart slug (D:1)
  3 endoplasms
  4 giant cockroaches
  A goblin (D:2)
  4 hobgoblins
  A quokka (D:1)
  4 ball pythons
  5 bats
  A frilled lizard (D:2)
  4 kobolds
  2 rats
33 creatures vanquished.

Vanquished Creatures (collateral kills)
  A rat (D:1)
1 creature vanquished.

Grand Total: 34 creatures vanquished

Notes
Turn   | Place    | Note
-------+----------+-------------------------------------------
     0 | D:1      | PaiMei the Demonspawn Necromancer began the quest for the
                  | Orb.
     0 | D:1      | Reached XP level 1. HP: 13/13 MP: 3/3
   431 | D:1      | Gained mutation: You sometimes gain a little power by
                  | taking damage. [demonic ancestry]
   431 | D:1      | Reached XP level 2. HP: 19/19 MP: 1/5
  1188 | D:2      | Reached XP level 3. HP: 25/25 MP: 3/6
  1587 | D:2      | Reached skill level 1 in Fighting
  2013 | D:3      | Learned a level 3 spell: Vampiric Draining
  2200 | D:3      | Found a faded altar of an unknown god.
  2544 | D:3      | Found a snail-covered altar of Cheibriados.
  2652 | D:4      | Noticed Blork the orc
  2723 | D:4      | Noticed an orc warrior
  2734 | D:4      | Slain by an orc warrior

Illustrated notes

Levels and vault maps discovered:
D:1:      reono_arrival_forest_river, layout_loops_ring, nicolae_hexahallways
D:2:      layout_rooms, uniq_crazy_yiuf_cottage
D:3:      layout_loops_cross, nicolae_overflow_hidden_temple,
          ebering_ecumenical_altar_abandoned
D:4:      layout_gridville, mainiacjoe_overflow_concentric_impassable,
          minmay_temple_entry_stoned_glass, ebering_ghost_reflecting_pool,
          uniq_blork_the_orc

Skill      XL: |  1  2  3 |
---------------+----------+-----
Dodging        | 2 |  2.4
Stealth        | 2 |  2.0
Fighting       | 1 |  1.2
Spellcasting   | |  2.5
Necromancy     | |  4.8

Action                     || total
---------------------------++-------
  Melee: Club              ||     1
         Spear             ||     3
   Cast: Necrotise         ||    69
 Armour: Robe              ||    13
  Dodge: Dodged            ||    14
